 Dungeon Crawl Stone Soup version 0.31-a0-229-g1fc7ce93e2 (webtiles) character file.

Game seed: 4850192235833158396

1736 qw the Skirmisher (level 8, -7/68 (70) HPs)
             Began as a Minotaur Hexslinger on July 6, 2023.
             Mangled by a two-headed ogre
             ... wielding a +0 giant club
              (18 damage)
             ... on level 9 of the Dungeon.
             The game lasted 00:02:33 (7285 turns).

qw the Skirmisher (Minotaur Hexslinger)             Turns: 7285, Time: 00:02:34

HP:   -7/68 (70)    AC:  8    Str: 13    XL:     8   Next: 76%
MP:   8/8           EV: 14    Int: 10    God:
Gold: 295           SH:  0    Dex: 21    Spells: 8/9 levels left

rFire   + . .        Y - +1 longbow
rCold   . . .        (shield currently unavailable)
rNeg    . . .        g - +2 leather armour {rF+}
rPois   +            (helmet restricted)
rElec   .            b - +0 cloak
rCorr   .            i - +0 pair of gloves
SInv    .            q - +0 pair of boots
Will    .....        o - amulet of regeneration
Stlth   ++           e - ring of poison resistance
HPRegen 1.11/turn    a - +6 ring of dexterity
MPRegen 0.11/turn

%: no passive effects
@: lightly drained
A: horns 2, retaliatory headbutt
a: no special abilities


You were on level 9 of the Dungeon.
You visited 1 branch of the dungeon, and saw 8 of its levels.

You collected 314 gold pieces.
You spent 19 gold pieces at shops.


Innate Abilities, Weirdness & Mutations

You have a pair of horns on your head.
You reflexively headbutt those who attack you in melee.


   Skills:
 - Level 6.1 Fighting
 - Level 10.1 Ranged Weapons
 - Level 2.0 Armour
 + Level 4.8 Dodging
 - Level 1.0 Spellcasting
 - Level 2.0 Hexes


You had 8 spell levels left.
You knew the following spells:

 Your Spells              Type           Power      Damage    Failure   Level
a - Slow                  Hex            16%        N/A       19%         1

Your spell library contained the following spells:

 Spells                   Type           Power      Damage    Failure   Level
 Inner Flame              Hex/Fire       2%         N/A       65%         3
 Portal Projectile        Hex/Tloc       4%         N/A       65%         3
 Cause Fear               Hex            2%         N/A       88%         4

Inventory:

Hand Weapons
 Y - a +1 longbow (weapon)
Armour
 b - a +0 cloak (worn)
 g - a +2 leather armour of fire resistance (worn)
 i - a +0 pair of gloves (worn)
 q - a +0 pair of boots (worn)
Jewellery
 a - a +6 ring of dexterity (right hand)
 d - a ring of ice
 e - a ring of poison resistance (left hand)
 o - an amulet of regeneration (around neck)
Wands
 j - a wand of digging (9)
Scrolls
 h - 2 scrolls of teleportation
 t - 2 scrolls of identify
Potions
 c - a potion of heal wounds
 k - a potion of haste
 l - a potion of curing
 n - a potion of lignification {unknown}

Dungeon Overview and Level Annotations

Branches:
Dungeon (9/15)
 Temple: D:4-7         Lair: D:8-11         Orc: D:9-12

Altars:
Ashenzari
Elyvilon
Fedhas
Hepliaklqana
Ru
Vehumet

Shops:
D:1 [   D:5 *

Annotations:
D:4 1 runed translucent door, Crazy Yiuf


Message History

A sourceless malevolence fills the Dungeon...
You fall into a shaft and drop 2 floors!
The shaft crumbles and collapses.
You now have 295 gold pieces (gained 16).
You open the door.
Found an escape hatch in the ceiling.
Waypoint 7 assigned to D:9.
There is an open door here.
You open the door.
Found a scroll of noise.
There is an open door here.
You see here a scroll of noise.
You open the door.
A two-headed ogre comes into view. It is wielding two +0 giant clubs.
Found a falchion.
You shoot an arrow.
The arrow hits the two-headed ogre but does no damage.
The two-headed ogre shouts in stereo!
You shoot an arrow. The arrow hits the two-headed ogre.
The two-headed ogre is lightly wounded.
You shoot an arrow. The arrow hits the two-headed ogre!
The two-headed ogre is moderately wounded.
You shoot an arrow. The arrow hits the two-headed ogre!
The two-headed ogre is moderately wounded.
You shoot an arrow.
The arrow closely misses the two-headed ogre.
You shoot an arrow. The arrow hits the two-headed ogre!
The two-headed ogre is severely wounded.
The two-headed ogre hits you with a +0 giant club!!
The two-headed ogre closely misses you.
You shoot an arrow. The arrow hits the two-headed ogre!!
The two-headed ogre is almost dead.
The two-headed ogre closely misses you.
The two-headed ogre hits you with a +0 giant club!
You shoot an arrow.
The arrow closely misses the two-headed ogre.
You shoot an arrow. The arrow hits the two-headed ogre.
The two-headed ogre is almost dead.
The two-headed ogre hits you with a +0 giant club!! x2
You die...

##+### # # #....# .. #
#....# ... #####....#
.... ...##....# .....
##..#....# ####......
###.'....# ##.@O......
#
###....#####?.##..)...
# #....'.....## .....
# #...<####### .... #
#....# ... # ###### ..
# #


You could see a two-headed ogre.

Vanquished Creatures
  Duvessa (D:5)
  A water moccasin (D:7)
  An ogre (D:4)
  2 centaurs (D:5)
  3 phantoms
  2 scorpions (D:4)
  4 wights (D:7)
  Dowan (D:5)
  A howler monkey (D:6)
  A hound (D:6)
  3 jellies
  A sleepcap (D:4)
  A gnoll bouda (D:5)
  An orc wizard (D:6)
  Ijyb (D:3)
  6 iguanas
  Terence (D:2)
  3 gnolls (D:4)
  10 adders
  A white imp (D:5)
  An ufetubus (D:6)
  4 worms
  5 dart slugs
  8 orcs
  7 ball pythons
  4 bats
  10 endoplasms
  3 giant cockroaches (D:2)
  9 goblins
  9 hobgoblins
  10 jackals
  4 quokkas
  3 frilled lizards
  4 kobolds
  7 rats
  A spectral orc (D:3)
134 creatures vanquished.

Notes
Turn   | Place    | Note
-------+----------+-------------------------------------------
     0 | D:1      | qw the Minotaur Hexslinger began the quest for the Orb.
     0 | D:1      | Reached XP level 1. HP: 16/16 MP: 1/1
     0 | D:1      | 0 ||| qw: Version: 0.3-a-46-gb1f654a
     0 | D:1      | 0 ||| qw: Game counter: 1088
     0 | D:1      | 0 ||| qw: Melee chars always use a shield: true
     0 | D:1      | 0 ||| qw: God list: Okawaru
     0 | D:1      | 0 ||| qw: Allow faded altars: false
     0 | D:1      | 0 ||| qw: Do Orc after clearing Dungeon:15 true
     0 | D:1      | 0 ||| qw: Do second Lair branch before Depths: true
     0 | D:1      | 0 ||| qw: Lair rune preference: random
     0 | D:1      | 0 ||| qw: Goals: Normal
     0 | D:1      | 0 ||| PLANNING D:1-11
    92 | D:1      | Found a faded altar of an unknown god.
   100 | D:1      | Reached skill level 3 in Ranged Weapons
   100 | D:1      | Reached XP level 2. HP: 23/23 MP: 2/2
   121 | D:1      | 121 ||| FLEEEEING.
   149 | D:1      | Found Yhuigg's Antique Armour Shoppe.
   158 | D:1      | 158 ||| SHOPLISTING leather armour (38 gold, have 11).
   158 | D:1      | 158 ||| SHOPLISTING pair of boots (85 gold, have 11).
   158 | D:1      | 158 ||| SHOPLISTING pair of gloves (85 gold, have 11).
   158 | D:1      | 158 ||| SHOPLISTING thick robe (108 gold, have 11).
   327 | D:1      | Reached XP level 3. HP: 29/29 MP: 3/3
   818 | D:1      | 818 ||| UPGRADING to +0 ring mail.
   828 | D:1      | 828 ||| DROPPING +0 robe.
   829 | D:1      | 829 ||| UPGRADING to ring of poison resistance.
   830 | D:1      | 830 ||| DROPPING scroll of poison.
   876 | D:2      | Found a blossoming altar of Fedhas.
   885 | D:2      | Reached skill level 4 in Ranged Weapons
   900 | D:2      | Reached skill level 1 in Armour
   906 | D:2      | Noticed Terence
   909 | D:2      | 909 ||| FLEEEEING.
   910 | D:2      | 910 ||| FLEEEEING.
   914 | D:2      | HP: 7/29 [Terence/+0 short sword (5)]
   917 | D:2      | HP: 1/29 [Terence/+0 short sword (6)]
   917 | D:2      | Killed Terence
   918 | D:2      | Reached XP level 4. HP: 2/36 MP: 4/4
   992 | D:2      | 992 ||| FLEEEEING.
   993 | D:2      | 993 ||| FLEEEEING.
   994 | D:2      | 994 ||| FLEEEEING.
   995 | D:2      | 995 ||| STAIRDANCE
  1306 | D:2      | 1306 ||| FLEEEEING.
  1307 | D:2      | 1307 ||| FLEEEEING.
  1362 | D:2      | Reached skill level 5 in Ranged Weapons
  1472 | D:2      | 1472 ||| UPGRADING to +0 pair of gloves.
  1477 | D:2      | 1477 ||| READING scroll labelled HUEQA GEWE.
  1480 | D:2      | 1480 ||| READING 2 scrolls labelled QICZEQ DIRGHU.
  1481 | D:2      | 1481 ||| READING scroll labelled ECIEWK ERAMEMO.
  1482 | D:2      | 1482 ||| READING scroll labelled KEPUNK CIEGI.
  1482 | D:2      | Identified a scroll of acquirement
  1482 | D:2      | 1482 ||| ACQUIRING +6 ring of dexterity
  1482 | D:2      | Acquired a +6 ring of dexterity
  1484 | D:2      | 1484 ||| UPGRADING to +6 ring of dexterity.
  1485 | D:2      | 1485 ||| READING scroll labelled YFRUTT HIOHIFO.
  1486 | D:2      | 1486 ||| DROPPING scroll of vulnerability.
  1533 | D:3      | 1533 ||| STAIRDANCE
  1589 | D:3      | Found a sacrificial altar of Ru.
  1697 | D:3      | Reached skill level 3 in Fighting
  1697 | D:3      | Reached XP level 5. HP: 45/45 MP: 5/5
  1740 | D:3      | Found a radiant altar of Vehumet.
  1870 | D:3      | Found a hazy altar of Hepliaklqana.
  1982 | D:3      | Noticed Ijyb
  1994 | D:3      | Killed Ijyb
  2124 | D:3      | 2124 ||| UPGRADING to +0 cloak.
  2129 | D:3      | 2129 ||| READING scroll labelled YTIRABL JIRI.
  2188 | D:4      | Reached skill level 6 in Ranged Weapons
  2196 | D:4      | Noticed an ogre
  2197 | D:4      | 2197 ||| FLEEEEING.
  2199 | D:4      | 2199 ||| STAIRDANCE
  2280 | D:4      | HP: 11/45 [acid (6)]
  2281 | D:4      | Killed an ogre
  2282 | D:4      | Reached XP level 6. HP: 14/52 MP: 6/6
  2570 | D:4      | Reached skill level 7 in Ranged Weapons
  2649 | D:4      | Reached skill level 3 in Dodging
  2649 | D:4      | Reached XP level 7. HP: 58/59 MP: 7/7
  2779 | D:4      | Identified the +2 hammer "Ughe Podd" {flame, rF- Str+7}
  2784 | D:4      | Found a runed translucent door.
  2785 | D:4      | Noticed Crazy Yiuf
  2918 | D:4      | 2918 ||| UPGRADING to amulet of regeneration.
  2923 | D:4      | 2923 ||| READING scroll labelled VOODAONOMM.
  2924 | D:4      | 2924 ||| DRINKING 2 blue potions.
  2925 | D:4      | 2925 ||| DROPPING potion of degeneration.
  2976 | D:5      | Entered Level 5 of the Dungeon
  2979 | D:5      | 2979 ||| STAIRDANCE
  3101 | D:5      | 3101 ||| STAIRDANCE
  3230 | D:5      | 3230 ||| STAIRDANCE
  3342 | D:5      | 3342 ||| STAIRDANCE
  3461 | D:5      | 3461 ||| STAIRDANCE
  3571 | D:5      | 3571 ||| STAIRDANCE
  3676 | D:5      | 3676 ||| STAIRDANCE
  3787 | D:5      | 3787 ||| STAIRDANCE
  3900 | D:5      | 3900 ||| STAIRDANCE
  4016 | D:5      | 4016 ||| STAIRDANCE
  4124 | D:5      | 4124 ||| STAIRDANCE
  4252 | D:5      | 4252 ||| STAIRDANCE
  4380 | D:5      | 4380 ||| STAIRDANCE
  4486 | D:5      | 4486 ||| STAIRDANCE
  4599 | D:5      | 4599 ||| STAIRDANCE
  4706 | D:5      | 4706 ||| STAIRDANCE
  4818 | D:5      | 4818 ||| STAIRDANCE
  4925 | D:5      | 4925 ||| STAIRDANCE
  5036 | D:5      | 5036 ||| STAIRDANCE
  5142 | D:5      | 5142 ||| STAIRDANCE
  5290 | D:5      | Found Elorig's Lightly-Used Armoury.
  5297 | D:5      | 5297 ||| BUYING -1 hand crossbow (1 gold).
  5297 | D:5      | Bought a -1 hand crossbow for 1 gold piece
  5297 | D:5      | 5297 ||| BUYING -1 longbow (18 gold).
  5297 | D:5      | Bought a -1 longbow for 18 gold pieces
  5297 | D:5      | 5297 ||| SWAPPING to -1 longbow.
  5298 | D:5      | 5298 ||| DROPPING +0 orcbow.
  5299 | D:5      | 5299 ||| DROPPING -1 hand crossbow.
  5300 | D:5      | 5300 ||| DROPPING +1 sling.
  5528 | D:5      | Noticed Duvessa
  5530 | D:5      | Noticed Dowan
  5544 | D:5      | Killed Duvessa
  5545 | D:5      | Reached skill level 8 in Ranged Weapons
  5545 | D:5      | Killed Dowan
  5642 | D:5      | Reached XP level 8. HP: 68/68 MP: 8/8
  5754 | D:5      | 5754 ||| Stepping ~*~*~tactically~*~*~ (water).
  5758 | D:5      | Reached skill level 9 in Ranged Weapons
  5848 | D:5      | Reached skill level 6 in Fighting
  5851 | D:5      | Found a white marble altar of Elyvilon.
  6268 | D:5      | 6268 ||| UPGRADING to +2 leather armour of fire resistance.
  6278 | D:5      | 6278 ||| DROPPING +0 ring mail.
  6279 | D:5      | 6279 ||| UPGRADING to +0 pair of boots.
  6284 | D:5      | 6284 ||| DRINKING 2 dark potions.
  6285 | D:5      | 6285 ||| DRINKING 2 amethyst potions.
  6937 | D:6      | Found a broken altar of Ashenzari.
  7067 | D:6      | 7067 ||| READING 2 scrolls labelled YMEYB MALIZAD.
  7068 | D:6      | 7068 ||| READING scroll of enchant weapon.
  7068 | D:6      | 7068 ||| ENCHANTING +0 longbow.
  7069 | D:6      | 7069 ||| DRINKING 2 black potions.
  7070 | D:6      | 7070 ||| DRINKING 2 white potions.
  7071 | D:6      | 7071 ||| READING 3 scrolls of identify.
  7071 | D:6      | 7071 ||| IDENTIFYING orange potion
  7072 | D:6      | 7072 ||| READING 2 scrolls of identify.
  7072 | D:6      | 7072 ||| IDENTIFYING smoky white potion
  7073 | D:6      | 7073 ||| DROPPING potion of berserk rage.
  7074 | D:6      | 7074 ||| DROPPING potion of ambrosia.
  7075 | D:6      | 7075 ||| DROPPING potion of attraction.
  7076 | D:6      | 7076 ||| DROPPING potion of brilliance.
  7195 | D:7      | Reached skill level 10 in Ranged Weapons
  7244 | D:7      | You fall into a shaft and drop 2 floors!
  7276 | D:9      | Noticed a two-headed ogre
  7285 | D:9      | HP: 11/68 [two-headed ogre/+0 giant club (29)]
  7285 | D:9      | Mangled by a two-headed ogre

Levels and vault maps discovered:
D:1:      dpeg_arrival_rooms_b, layout_loops_cross,
          shapermc_ecumenical_altar_starsandcircs, serial_shops,
          nicolae_shop_hallway_plus
D:2:      layout_rooms, basic_altar, minmay_3d_cube, uniq_terence
D:3:      layout_basic, mainiacjoe_overflow_concentric_impassable,
          overflow_temple_1_default, nicolae_hepliaklqana_monster_ancestors,
          uniq_ijyb
D:4:      layout_rooms, uniq_crazy_yiuf_cottage
D:5:      layout_basic, marbit_many_paths, serial_rivers,
          chequers_serial_rivers_large_a, chequers_serial_rivers_micro_a,
          chequers_serial_rivers_micro_b, chequers_serial_rivers_room_a,
          chequers_decorated_corner, minmay_shop_damaged, uniq_duvessa
D:6:      layout_loops_ring, mainiacjoe_overflow_alcove_4, columned_hall_lemuel,
          kennysheep_generic_room_8
D:7:      layout_loops_ring, minmay_temple_entry_grid, enter_bailey_4,
          kennysheep_generic_room_14
D:9:      layout_roguey, nicolae_benzene_ring, uniq_erica

Skill      XL: |  1  2  3  4  5  6  7  8 |
---------------+-------------------------+-----
Ranged Weapons | 3 4 5 6 7 8 10 | 10.1
Fighting       | 2 3 4 5 6 |  6.1
Armour         | 1 2 |  2.0
Dodging        | 3 4 |  4.8
Spellcasting   | |  1.0
Hexes          | |  2.0

Action                     |  1- 3 |  4- 6 |  7- 9 || total
---------------------------+-------+-------+-------++-------
   Fire: Sling             |   142 |   209 |    35 ||   386
         Longbow           |       |       |   124 ||   124
    Use: Scroll            |       |     6 |     5 ||    11
         Potion            |       |       |     5 ||     5
 Armour: Robe              |     8 |       |       ||     8
         Ring mail         |    24 |    25 |    20 ||    69
         Leather armour    |       |       |     9 ||     9
  Dodge: Dodged            |    61 |    68 |   107 ||   236

Table legend:
 A = Non-vault XP
 B = Vault XP
 C = Vault XP percentage of total XP
 D = Non-vault monster count
 E = Vault monster count
 F = Vault count percentage of total count
                 A         B        C        D         E       F
            +---------+---------+-------+---------+---------+-------
      Total |    2079 |     402 |  16.2 |     123 |      11 |   8.2
            +---------+---------+-------+---------+---------+-------
        D:1 |      58 |       0 |   0.0 |      30 |       0 |   0.0
        D:2 |      75 |      48 |  39.0 |      26 |       4 |  13.3
        D:3 |      76 |      40 |  34.5 |      16 |       3 |  15.8
        D:4 |     489 |       0 |   0.0 |      22 |       0 |   0.0
        D:5 |     711 |     260 |  26.8 |      15 |       3 |  16.7
        D:6 |     135 |      54 |  28.6 |       8 |       1 |  11.1
        D:7 |     535 |       0 |   0.0 |       6 |       0 |   0.0
            +---------+---------+-------+---------+---------+-------
